SKY
CLEVELAND INDIANS @ PITTSBURGH PIRATES
04/30/2052
 
TOP OF THE 1ST
Cleveland Indians batting - Pitching for Pittsburgh Pirates : RHP Adriel Owen
Pitching: RHP Adriel Owen
Batting: RHB Cowboy Beyer 0-0: Swinging Strike
0-1: Foul Ball, location: 23F
0-2: Reached on error, E5 (Groundball, 56, EV 101.3 MPH)
Batting: LHB Jonathan DeMarino 0-0: Ball
1-0: Ball
Cowboy Beyer steals 2nd base
2-0: Ball
3-0: 2-RUN HOME RUN (Flyball, 9LD, EV 98.8 MPH), Distance : 355 ft
Batting: LHB Harrison Waite 0-0: Called Strike
0-1: Foul Ball, location: 2F
0-2: Strikes out looking
Batting: RHB Chia-Wei Ni 0-0: Ball
1-0: Ball
2-0: TRIPLE (Line Drive, 78XD, EV 104.4 MPH)
Batting: LHB Anibal Gaines 0-0: Ball
1-0: Foul Ball, location: 23F
1-1: Swinging Strike
1-2: SINGLE (Line Drive, 56D, EV 108.1 MPH)
Chia-Wei Ni scores
Batting: RHB Antony Olguin 0-0: Called Strike
0-1: Ball
1-1: Ball
2-1: Ball
3-1: Ground out 4-3 (Groundball, 4, EV 71.3 MPH)
Anibal Gaines to second
Batting: SHB Bryce Rudzinski 0-0: 2-RUN HOME RUN (Flyball, 89XD, EV 98.8 MPH), Distance : 404 ft
Batting: RHB Gage Timko 0-0: Ball
1-0: Ground out 3-1 (Groundball, 34S, EV 85.6 MPH)
Top of the 1st over - 5 runs, 4 hits, 1 error, 0 left on base; Cleveland 5 - Pittsburgh 0
BOTTOM OF THE 1ST
Pittsburgh Pirates batting - Pitching for Cleveland Indians : LHP Edgard Baez
Pitching: LHP Edgard Baez
Batting: RHB David Dudley 0-0: Ball
1-0: Ball
2-0: Swinging Strike
2-1: Ball
3-1: Ground out 4-3 (Groundball, 4, EV 100.0 MPH)
Batting: RHB Andy Kiser 0-0: Ball
1-0: Called Strike
1-1: Ball
2-1: Ball
3-1: Foul Ball, location: 3F
3-2: Ground out 6-3 (Groundball, 56D, EV 107.5 MPH)
Batting: RHB Caleb Phillips 0-0: Called Strike
0-1: Ball
1-1: Foul Ball, location: 25FF
1-2: Strikes out swinging
Bottom of the 1st over - 0 runs, 0 hits, 0 errors, 0 left on base; Cleveland 5 - Pittsburgh 0
TOP OF THE 2ND
Cleveland Indians batting - Pitching for Pittsburgh Pirates : RHP Adriel Owen
Batting: RHB Cory Martínez 0-0: Ground out 6-3 (Groundball, 6, EV 87.5 MPH)
Batting: RHB Cowboy Beyer 0-0: Called Strike
0-1: Ball
1-1: SINGLE (Groundball, 3D, EV 101.3 MPH)
Batting: LHB Jonathan DeMarino 0-0: Called Strike
0-1: Ball
1-1: Fly out, F9 (Flyball, 89S, EV 82.5 MPH)
Batting: LHB Harrison Waite 0-0: Ball
1-0: Foul Ball, location: 2LF
1-1: Ball
2-1: Foul Ball, location: 7LDF
2-2: Ball
3-2: Strikes out swinging
Top of the 2nd over - 0 runs, 1 hit, 0 errors, 1 left on base; Cleveland 5 - Pittsburgh 0
BOTTOM OF THE 2ND
Pittsburgh Pirates batting - Pitching for Cleveland Indians : LHP Edgard Baez
Batting: RHB Chet Ross 0-0: Foul Ball, location: 3FF
0-1: SINGLE (Groundball, 6MS, EV 66.3 MPH) (infield hit)
Batting: RHB Gael Rumley 0-0: Called Strike
0-1: SINGLE (Flyball, 78S, EV 80.6 MPH)
Chet Ross to second
Batting: LHB P.J. Rey 0-0: Ball
1-0: Fly out, F8 (Flyball, 8LM, EV 87.5 MPH)
Batting: LHB Domingo Andres 0-0: Ball
1-0: Called Strike
1-1: Foul Ball, location: 3FF
1-2: Ball
2-2: Foul Ball, location: 9LSFF
2-2: Strikes out swinging
Batting: LHB Eric Gehman 0-0: Called Strike
0-1: SINGLE (Line Drive, 8LS, EV 92.5 MPH)
Chet Ross to third
Gael Rumley to second
Runner from 3rd tries for Home, SAFE, throw by CF to home
Batting: RHB Uriel Roberts 0-0: Called Strike
0-1: Ball
1-1: Foul Ball, location: 2F
1-2: Fielders Choice at 2nd, 6-4 (Groundball, 6, EV 66.9 MPH)
Bottom of the 2nd over - 1 run, 3 hits, 0 errors, 2 left on base; Cleveland 5 - Pittsburgh 1
TOP OF THE 3RD
Cleveland Indians batting - Pitching for Pittsburgh Pirates : RHP Adriel Owen
Batting: RHB Chia-Wei Ni 0-0: Foul Ball, location: 3SF
0-1: Ground out 6-3 (Groundball, 6, EV 87.5 MPH)
Batting: LHB Anibal Gaines 0-0: Ball
1-0: Called Strike
1-1: Called Strike
1-2: Ground out 5-3 (Groundball, 56, EV 87.5 MPH)
Batting: RHB Antony Olguin 0-0: Ball
1-0: Called Strike
1-1: Foul Ball, location: 7LMF
1-2: Fly out, F8 (Flyball, 89M, EV 79.4 MPH)
Top of the 3rd over - 0 runs, 0 hits, 0 errors, 0 left on base; Cleveland 5 - Pittsburgh 1
BOTTOM OF THE 3RD
Pittsburgh Pirates batting - Pitching for Cleveland Indians : LHP Edgard Baez
Batting: RHB David Dudley 0-0: Ground out 6-3 (Groundball, 6, EV 90.0 MPH)
Batting: RHB Andy Kiser 0-0: Fly out, F8 (Line Drive, 8LM, EV 88.8 MPH)
Batting: RHB Caleb Phillips 0-0: Swinging Strike
0-1: Fly out, F4 (Popup, 34S, EV 89.4 MPH)
Bottom of the 3rd over - 0 runs, 0 hits, 0 errors, 0 left on base; Cleveland 5 - Pittsburgh 1
TOP OF THE 4TH
Cleveland Indians batting - Pitching for Pittsburgh Pirates : RHP Adriel Owen
Batting: SHB Bryce Rudzinski 0-0: Called Strike
0-1: Ball
1-1: Ball
2-1: Ball
3-1: Called Strike
3-2: Foul Ball, location: 2F
3-2: Fly out, F7 (Flyball, 78S, EV 79.4 MPH)
Batting: RHB Gage Timko 0-0: Ball
1-0: Foul Ball, location: 2F
1-1: Foul Ball, location: 9LMF
1-2: Foul Ball, location: 2F
1-2: Ground out 4-3 (Groundball, 4, EV 103.8 MPH)
Batting: RHB Cory Martínez 0-0: Ball
1-0: DOUBLE (Groundball, 5L, EV 107.5 MPH)
Pitching: LHP José Maria Santana
Batting: RHB Cowboy Beyer 0-0: Called Strike
0-1: Called Strike
0-2: Strikes out swinging
Top of the 4th over - 0 runs, 1 hit, 0 errors, 1 left on base; Cleveland 5 - Pittsburgh 1
BOTTOM OF THE 4TH
Pittsburgh Pirates batting - Pitching for Cleveland Indians : LHP Edgard Baez
Batting: RHB Chet Ross 0-0: Ball
1-0: Ball
2-0: Called Strike
2-1: Ball
3-1: Base on Balls
Batting: RHB Gael Rumley 0-0: Called Strike
0-1: Ball
Chet Ross is caught stealing 2nd base 2-4
1-1: Called Strike
1-2: Ball
2-2: Foul Ball, location: 7LDF
2-2: Ball
3-2: DOUBLE (Flyball, 8LXD, EV 103.1 MPH)
Batting: LHB P.J. Rey 0-0: Ball
1-0: Ground out U3 (Groundball, 3, EV 89.4 MPH)
Gael Rumley to third
Batting: LHB Domingo Andres 0-0: Ball
1-0: Swinging Strike
1-1: Called Strike
1-2: Strikes out swinging
Bottom of the 4th over - 0 runs, 1 hit, 0 errors, 1 left on base; Cleveland 5 - Pittsburgh 1
TOP OF THE 5TH
Cleveland Indians batting - Pitching for Pittsburgh Pirates : LHP José Maria Santana
Batting: LHB Jonathan DeMarino 0-0: Called Strike
0-1: Ball
1-1: Swinging Strike
1-2: Ball
2-2: Ball
3-2: Base on Balls
Batting: LHB Harrison Waite 0-0: Called Strike
0-1: Foul Ball, location: 2F
0-2: Fly out, F7 (Line Drive, 7, EV 86.3 MPH)
Batting: RHB Chia-Wei Ni 0-0: Called Strike
0-1: Swinging Strike
0-2: Strikes out swinging
Batting: LHB Anibal Gaines 0-0: Called Strike
0-1: SINGLE (Line Drive, 3D, EV 110.6 MPH)
Jonathan DeMarino to second
Batting: RHB Antony Olguin 0-0: Foul Ball, location: 2F
0-1: Foul Ball, location: 9LMF
0-2: Ball
1-2: Foul Ball, location: 7LDF
1-2: Fly out, F9 (Flyball, 89D, EV 105.6 MPH)
Top of the 5th over - 0 runs, 1 hit, 0 errors, 2 left on base; Cleveland 5 - Pittsburgh 1
BOTTOM OF THE 5TH
Pittsburgh Pirates batting - Pitching for Cleveland Indians : LHP Edgard Baez
Batting: LHB Eric Gehman 0-0: Called Strike
0-1: Foul Ball, location: 3FF
0-2: SINGLE (Flyball, 4D, EV 83.8 MPH)
Batting: RHB Uriel Roberts 0-0: Ball
1-0: Called Strike
1-1: Foul Ball, location: 9LSFF
1-2: 2-RUN HOME RUN (Flyball, 8LXD, EV 102.5 MPH), Distance : 407 ft
Batting: RHB David Dudley 0-0: Swinging Strike
0-1: Ball
1-1: SINGLE (Groundball, 34S, EV 61.9 MPH) (infield hit)
Batting: RHB Andy Kiser 0-0: Ball
1-0: SINGLE (Line Drive, 5D, EV 100.0 MPH)
David Dudley to second
Batting: RHB Caleb Phillips 0-0: Ball
1-0: Called Strike
1-1: SINGLE (Line Drive, 9S, EV 91.3 MPH)
David Dudley to third
Andy Kiser to second
Batting: RHB Chet Ross 0-0: Ball
1-0: Fly out, F8 (Flyball, 8RD, EV 85.0 MPH)
Batting: RHB Gael Rumley 0-0: Ball
1-0: Fly out, F6 (Flyball, 6D, EV 85.0 MPH)
Batting: LHB P.J. Rey 0-0: Called Strike
0-1: Ball
1-1: Swinging Strike
1-2: Strikes out swinging
Bottom of the 5th over - 2 runs, 5 hits, 0 errors, 3 left on base; Cleveland 5 - Pittsburgh 3
TOP OF THE 6TH
Cleveland Indians batting - Pitching for Pittsburgh Pirates : LHP José Maria Santana
Batting: SHB Bryce Rudzinski 0-0: Ball
1-0: Ball
2-0: Fly out, F9 (Flyball, 89M, EV 84.4 MPH)
Batting: RHB Gage Timko 0-0: Ball
1-0: Called Strike
1-1: SINGLE (Line Drive, 8LS, EV 88.8 MPH)
Batting: RHB Cory Martínez 0-0: Foul Ball, location: 23F
0-1: Ball
1-1: Called Strike
1-2: Ball
2-2: Foul Ball, location: 5F
2-2: Ball
3-2: Foul Ball, location: 9LSF
3-2: Foul Ball, location: 2F
3-2: Strikes out swinging
Batting: RHB Cowboy Beyer 0-0: Swinging Strike
0-1: Called Strike
0-2: Reached on error, E1 (Groundball, 34S, EV 75.0 MPH)
Gage Timko to second
Batting: LHB Jonathan DeMarino 0-0: Ball
1-0: Foul Ball, location: 2F
1-1: Foul Ball, location: 2F
1-2: Foul Ball, location: 23F
1-2: Ball
2-2: Ball
3-2: Ground out 4-3 (Groundball, 4, EV 105.6 MPH)
Top of the 6th over - 0 runs, 1 hit, 1 error, 2 left on base; Cleveland 5 - Pittsburgh 3
BOTTOM OF THE 6TH
Pittsburgh Pirates batting - Pitching for Cleveland Indians : LHP Edgard Baez
Batting: LHB Domingo Andres 0-0: Ball
1-0: Ball
2-0: Called Strike
2-1: Foul Ball, location: 23F
2-2: Foul Ball, location: 3F
2-2: Ball
3-2: Fly out, F7 (Line Drive, 7S, EV 101.9 MPH)
Pitching: RHP Max Gilchrist
Batting: LHB Eric Gehman 0-0: Called Strike
0-1: Swinging Strike
0-2: Strikes out swinging
Batting: RHB Uriel Roberts 0-0: Ball
1-0: Ball
2-0: Ground out 4-3 (Groundball, 4, EV 79.4 MPH)
Bottom of the 6th over - 0 runs, 0 hits, 0 errors, 0 left on base; Cleveland 5 - Pittsburgh 3
TOP OF THE 7TH
Cleveland Indians batting - Pitching for Pittsburgh Pirates : LHP José Maria Santana
Pitching: RHP Antek Franiak
Batting: LHB Harrison Waite 0-0: SOLO HOME RUN (Flyball, 9D, EV 93.1 MPH), Distance : 353 ft
Batting: RHB Chia-Wei Ni 0-0: Ball
1-0: Ball
2-0: Swinging Strike
2-1: Swinging Strike
2-2: Ball
3-2: Strikes out swinging
Batting: LHB Anibal Gaines 0-0: Ball
1-0: Foul Ball, location: 2F
1-1: SINGLE (Line Drive, 78S, EV 101.3 MPH)
Batting: RHB Antony Olguin 0-0: Foul Ball, location: 2F
0-1: Foul Ball, location: 23F
0-2: Ball
1-2: Foul Ball, location: 5DF
1-2: SINGLE (Line Drive, 9S, EV 86.9 MPH)
Anibal Gaines to second
Batting: SHB Bryce Rudzinski 0-0: Swinging Strike
0-1: Fielders Choice at 2nd, 3-6 (Groundball, 34, EV 103.8 MPH)
Anibal Gaines to third
Batting: RHB Gage Timko 0-0: Called Strike
0-1: Ball
1-1: Ball
2-1: Called Strike
2-2: Foul Ball, location: 2F
2-2: Strikes out swinging
Top of the 7th over - 1 run, 3 hits, 0 errors, 2 left on base; Cleveland 6 - Pittsburgh 3
BOTTOM OF THE 7TH
Pittsburgh Pirates batting - Pitching for Cleveland Indians : RHP Max Gilchrist
Pitching: LHP Ernest Martines
Batting: RHB David Dudley 0-0: Called Strike
0-1: Ball
1-1: Ground out 6-3 (Groundball, 6MD, EV 98.8 MPH)
Batting: RHB Andy Kiser 0-0: Called Strike
0-1: Ball
1-1: Ball
2-1: Ball
3-1: Swinging Strike
3-2: Base on Balls
Batting: RHB Caleb Phillips 0-0: Foul Ball, location: 2F
0-1: Called Strike
0-2: Strikes out swinging
Batting: RHB Chet Ross 0-0: Called Strike
0-1: Called Strike
0-2: Strikes out swinging
Bottom of the 7th over - 0 runs, 0 hits, 0 errors, 1 left on base; Cleveland 6 - Pittsburgh 3
TOP OF THE 8TH
Cleveland Indians batting - Pitching for Pittsburgh Pirates : RHP Antek Franiak
Batting: RHB Cory Martínez 0-0: Ball
1-0: Called Strike
1-1: Hit by Pitch
Batting: RHB Cowboy Beyer 0-0: Ball
Wild Pitch!
Cory Martínez to second
1-0: Ground out 6-3 (Groundball, 6, EV 103.8 MPH)
Batting: LHB Jonathan DeMarino 0-0: Intentional Walk
Batting: LHB Harrison Waite 0-0: Called Strike
0-1: Ball
1-1: Hit by Pitch
Cory Martínez to third
Jonathan DeMarino to second
Pinch Runner at 1st Scott Tremblay:
Batting: RHB Chia-Wei Ni 0-0: Ball
1-0: Called Strike
1-1: Ball
2-1: Swinging Strike
2-2: Strikes out swinging
Batting: LHB Anibal Gaines 0-0: Called Strike
0-1: Ball
1-1: SINGLE (Groundball, 6MD, EV 94.4 MPH)
Cory Martínez scores
Jonathan DeMarino to third
Scott Tremblay to second
Runner from 3rd tries for Home, SAFE, throw by CF to home
Batting: RHB Antony Olguin 0-0: Ball
1-0: Ball
2-0: Ball
3-0: Called Strike
3-1: Foul Ball, location: 2F
3-2: Base on Balls
Scott Tremblay to third
Anibal Gaines to second
Pitching: RHP Ralph Vincent
Batting: SHB Bryce Rudzinski 0-0: Ball
1-0: Fly out, F5 (Popup, 5F, EV 61.9 MPH)
Top of the 8th over - 2 runs, 1 hit, 0 errors, 3 left on base; Cleveland 8 - Pittsburgh 3
BOTTOM OF THE 8TH
Pittsburgh Pirates batting - Pitching for Cleveland Indians : LHP Ernest Martines
Now in CF: Scott Tremblay
Now in RF: Chia-Wei Ni
Batting: RHB Gael Rumley 0-0: Called Strike
0-1: Swinging Strike
0-2: Strikes out looking
Batting: LHB P.J. Rey 0-0: DOUBLE (Line Drive, 9LM, EV 104.4 MPH)
Batting: LHB Domingo Andres 0-0: Ground out U3 (Groundball, 3L, EV 86.9 MPH)
P.J. Rey to third
Batting: LHB Eric Gehman 0-0: Called Strike
0-1: Ball
1-1: Ball
2-1: Fly out, F9 (Flyball, 9S, EV 97.5 MPH)
Bottom of the 8th over - 0 runs, 1 hit, 0 errors, 1 left on base; Cleveland 8 - Pittsburgh 3
TOP OF THE 9TH
Cleveland Indians batting - Pitching for Pittsburgh Pirates : RHP Ralph Vincent
Batting: RHB Gage Timko 0-0: Ball
1-0: Fly out, F3 (Popup, 34, EV 75.6 MPH)
Batting: RHB Cory Martínez 0-0: Foul Ball, location: 2F
0-1: Ball
1-1: Ball
2-1: Swinging Strike
2-2: Ball
3-2: Foul Ball, location: 2F
3-2: Ground out 4-3 (Groundball, 4, EV 87.5 MPH)
Batting: RHB Cowboy Beyer 0-0: Swinging Strike
0-1: Ball
1-1: Ground out 4-3 (Groundball, 4MD, EV 110.0 MPH)
Top of the 9th over - 0 runs, 0 hits, 0 errors, 0 left on base; Cleveland 8 - Pittsburgh 3
BOTTOM OF THE 9TH
Pittsburgh Pirates batting - Pitching for Cleveland Indians : LHP Ernest Martines
Batting: RHB Uriel Roberts 0-0: Foul Ball, location: 9LSF
0-1: Called Strike
0-2: Ball
1-2: Strikes out looking
Batting: RHB David Dudley 0-0: Ground out 6-3 (Groundball, 6, EV 100.0 MPH)
Batting: RHB Andy Kiser 0-0: Ball
1-0: Foul Ball, location: 2F
1-1: Foul Ball, location: 2F
1-2: Foul Ball, location: 7LSF
1-2: Ball
2-2: Ball
3-2: Base on Balls
Pitching: RHP Hanford Allen
Batting: RHB Caleb Phillips 0-0: Foul Ball, location: 3F
0-1: Ball
1-1: SINGLE (Groundball, 13, EV 71.3 MPH) (infield hit)
Andy Kiser to second
Batting: RHB Chet Ross 0-0: Ball
1-0: Ball
2-0: SINGLE (Groundball, 6MD, EV 104.4 MPH)
Andy Kiser to third
Caleb Phillips to second
Pitching: RHP Easton Wilson
Batting: RHB Gael Rumley 0-0: Called Strike
0-1: Fly out, F9 (Flyball, 9LS, EV 81.9 MPH)
Bottom of the 9th over - 0 runs, 2 hits, 0 errors, 3 left on base; Cleveland 8 - Pittsburgh 3
Friday, April 19th , 2024 - OOTP Baseball 24.11 Build 85